TOP OF THE 1ST |
Minnesota Twins batting - Pitching for Cleveland Guardians : RHP Adrian Serratos
|
Pitching: RHP Adrian Serratos
|
|
Batting: LHB Peer Derks
|
0-0: Ball 1-0: Called Strike 1-1: Foul Ball, location: 2F 1-2: Strikes out swinging
|
Batting: RHB Alex Rodriguez Jr.
|
0-0: Ball 1-0: Called Strike 1-1: Fly out, F5 (Popup, 56, EV 78.8 MPH)
|
Batting: RHB Greg Harman
|
0-0: Ball 1-0: Foul Ball, location: 2F 1-1: Ball 2-1: Ball 3-1: Foul Ball, location: 2F 3-2: Base on Balls
|
Batting: RHB Miguel Gonzalez
|
0-0: Ball Greg Harman steals 2nd base (no throw) 1-0: SINGLE (Line Drive, 89S, EV 87.5 MPH) Greg Harman to third Runner from 3rd tries for Home, SAFE, throw by RF to home Miguel Gonzalez to second
|
Batting: LHB Ryan Flynn Jr.
|
0-0: Ball 1-0: Foul Ball, location: 2F 1-1: Swinging Strike 1-2: Foul Ball, location: 2F 1-2: Foul Ball, location: 2F 1-2: Ball 2-2: Foul Ball, location: 2F 2-2: Ground out U3 (Groundball, 3L, EV 108.1 MPH)
|
Top of the 1st over - 1 run, 1 hit, 0 errors, 1 left on base; Minnesota 1 - Cleveland 0 |
BOTTOM OF THE 1ST |
Cleveland Guardians batting - Pitching for Minnesota Twins : LHP Luis Perez
|
Pitching: LHP Luis Perez
|
|
Batting: LHB John Harring
|
0-0: Ball 1-0: Called Strike 1-1: Ball 2-1: Ground out U3 (Groundball, 3, EV 85.0 MPH)
|
Batting: RHB Nick Sharp
|
0-0: Ball 1-0: SINGLE (Flyball, 8RS, EV 94.4 MPH)
|
Batting: RHB Jasper Burd
|
0-0: Ball 1-0: Ball 2-0: SINGLE (Groundball, 4S, EV 65.6 MPH) (infield hit) Nick Sharp to second
|
Batting: RHB Nick Ogle
|
0-0: Foul Ball, location: 2F 0-1: Ball 1-1: Ball 2-1: Foul Ball, location: 2F 2-2: Foul Ball, location: 2F 2-2: Strikes out looking
|
Batting: RHB Aaron Matthews
|
0-0: Ball 1-0: Ball 2-0: Foul Ball, location: 2F 2-1: Ground out 1-3 (Groundball, 34S, EV 70.6 MPH)
|
Bottom of the 1st over - 0 runs, 2 hits, 0 errors, 2 left on base; Minnesota 1 - Cleveland 0 |
TOP OF THE 2ND |
Minnesota Twins batting - Pitching for Cleveland Guardians : RHP Adrian Serratos
|
Batting: RHB Miguel Diaz
|
0-0: Swinging Strike 0-1: Swinging Strike 0-2: Strikes out looking
|
Batting: LHB Harris Vink
|
0-0: Ground out U3 (Groundball, 3, EV 107.5 MPH)
|
Batting: RHB John Creel
|
0-0: Called Strike 0-1: Ball 1-1: Foul Ball, location: 2F 1-2: Strikes out swinging
|
Top of the 2nd over - 0 runs, 0 hits, 0 errors, 0 left on base; Minnesota 1 - Cleveland 0 |
BOTTOM OF THE 2ND |
Cleveland Guardians batting - Pitching for Minnesota Twins : LHP Luis Perez
|
Batting: LHB Alejandro Soriano
|
0-0: Called Strike 0-1: Called Strike 0-2: Foul Ball, location: 2F 0-2: Foul Ball, location: 2F 0-2: Ground out 4-3 (Groundball, 4, EV 88.8 MPH)
|
Batting: LHB Corey Trevor
|
0-0: Ball 1-0: Called Strike 1-1: Called Strike 1-2: Foul Ball, location: 2F 1-2: Strikes out swinging
|
Batting: LHB Hector Pedroso
|
0-0: Called Strike 0-1: Foul Ball, location: 2F 0-2: Ball 1-2: Fly out, F7 (Line Drive, 7D, EV 93.8 MPH)
|
Bottom of the 2nd over - 0 runs, 0 hits, 0 errors, 0 left on base; Minnesota 1 - Cleveland 0 |
TOP OF THE 3RD |
Minnesota Twins batting - Pitching for Cleveland Guardians : RHP Adrian Serratos
|
Batting: RHB Alex Sandoval
|
0-0: Called Strike 0-1: Foul Ball, location: 2F 0-2: Ball 1-2: Fly out, F8 (Flyball, 8RXD, EV 94.4 MPH)
|
Batting: LHB Peer Derks
|
0-0: Ball 1-0: Called Strike 1-1: Ball 2-1: Foul Ball, location: 2F 2-2: Hit by Pitch
|
Batting: RHB Alex Rodriguez Jr.
|
0-0: Ball 1-0: Ball 2-0: Fly out, F9 (Line Drive, 9, EV 89.4 MPH)
|
Batting: RHB Greg Harman
|
0-0: Ball 1-0: Called Strike 1-1: Ball 2-1: Ball 3-1: Base on Balls Peer Derks to second
|
Batting: RHB Miguel Gonzalez
|
0-0: Ball 1-0: Foul Ball, location: 2F 1-1: Foul Ball, location: 2F 1-2: Ball 2-2: Strikes out swinging
|
Top of the 3rd over - 0 runs, 0 hits, 0 errors, 2 left on base; Minnesota 1 - Cleveland 0 |
BOTTOM OF THE 3RD |
Cleveland Guardians batting - Pitching for Minnesota Twins : LHP Luis Perez
|
Batting: RHB Henri Cederberg
|
0-0: Swinging Strike 0-1: Fly out, F8 (Flyball, 8RM, EV 91.2 MPH)
|
Batting: LHB John Harring
|
0-0: Ground out 1-3 (Groundball, 13, EV 70.0 MPH)
|
Batting: RHB Nick Sharp
|
0-0: Called Strike 0-1: Foul Ball, location: 2F 0-2: Ball 1-2: Ball 2-2: Foul Ball, location: 2F 2-2: Ball 3-2: Base on Balls
|
Batting: RHB Jasper Burd
|
0-0: Ball 1-0: Fly out, F7 (Line Drive, 7S, EV 98.1 MPH)
|
Bottom of the 3rd over - 0 runs, 0 hits, 0 errors, 1 left on base; Minnesota 1 - Cleveland 0 |
TOP OF THE 4TH |
Minnesota Twins batting - Pitching for Cleveland Guardians : RHP Adrian Serratos
|
Batting: LHB Ryan Flynn Jr.
|
0-0: Ball 1-0: SINGLE (Groundball, 4M, EV 103.1 MPH) (infield hit)
|
Batting: RHB Miguel Diaz
|
0-0: Ball Ryan Flynn Jr. steals 2nd base 1-0: Called Strike 1-1: Foul Ball, location: 2F 1-2: Fly out, F8 (Flyball, 8RD, EV 98.8 MPH)
|
Batting: LHB Harris Vink
|
0-0: Called Strike 0-1: Called Strike 0-2: Ball 1-2: Foul Ball, location: 2F 1-2: Ball 2-2: Ball 3-2: Strikes out swinging
|
Batting: RHB John Creel
|
0-0: Called Strike 0-1: Ball 1-1: SINGLE (Groundball, 6MD, EV 95.6 MPH) Ryan Flynn Jr. to third Runner from 3rd tries for Home, SAFE, throw by CF to home John Creel to second
|
Batting: RHB Alex Sandoval
|
0-0: Ball 1-0: Ball 2-0: Foul Ball, location: 2F 2-1: Foul Ball, location: 2F 2-2: Strikes out swinging
|
Top of the 4th over - 1 run, 2 hits, 0 errors, 1 left on base; Minnesota 2 - Cleveland 0 |
BOTTOM OF THE 4TH |
Cleveland Guardians batting - Pitching for Minnesota Twins : LHP Luis Perez
|
Batting: RHB Nick Ogle
|
0-0: Ball 1-0: SINGLE (Groundball, 25, EV 67.5 MPH) (infield hit)
|
Batting: RHB Aaron Matthews
|
0-0: Called Strike 0-1: Ball 1-1: Ball 2-1: Foul Ball, location: 2F 2-2: Foul Ball, location: 2F 2-2: Ball 3-2: Base on Balls Nick Ogle to second
|
Batting: LHB Alejandro Soriano
|
0-0: Ball 1-0: Called Strike 1-1: Fly out, F7 (Flyball, 7S, EV 75.0 MPH)
|
Batting: LHB Corey Trevor
|
0-0: Ball 1-0: Ball 2-0: Called Strike 2-1: Called Strike 2-2: Foul Ball, location: 2F 2-2: Foul Ball, location: 2F 2-2: 3-RUN HOME RUN (Line Drive, 9LD, EV 100.0 MPH), Distance : 372 ft
|
Batting: LHB Hector Pedroso
|
0-0: Ball 1-0: Ball 2-0: Swinging Strike 2-1: Foul Ball, location: 2F 2-2: Ball 3-2: SINGLE (Groundball, 34D, EV 95.0 MPH)
|
Batting: RHB Henri Cederberg
|
0-0: Ball 1-0: Swinging Strike 1-1: Ball 2-1: SINGLE (Flyball, 4D, EV 93.1 MPH) Hector Pedroso to second
|
Batting: LHB John Harring
|
0-0: Grounds into double play, 5-4-3 (Groundball, 25, EV 89.4 MPH)
|
Bottom of the 4th over - 3 runs, 4 hits, 0 errors, 1 left on base; Minnesota 2 - Cleveland 3 |
TOP OF THE 5TH |
Minnesota Twins batting - Pitching for Cleveland Guardians : RHP Adrian Serratos
|
Batting: LHB Peer Derks
|
0-0: Fly out, F9 (Flyball, 9, EV 88.1 MPH)
|
Batting: RHB Alex Rodriguez Jr.
|
0-0: Foul Ball, location: 2F 0-1: Ball 1-1: Foul Ball, location: 2F 1-2: Ground out 4-3 (Groundball, 4, EV 87.5 MPH)
|
Batting: RHB Greg Harman
|
0-0: Foul Ball, location: 2F 0-1: Foul Ball, location: 2F 0-2: Foul Ball, location: 2F 0-2: Ball 1-2: Hit by Pitch
|
Batting: RHB Miguel Gonzalez
|
0-0: Foul Ball, location: 2F 0-1: Ball 1-1: Swinging Strike 1-2: Ball 2-2: Strikes out looking
|
Top of the 5th over - 0 runs, 0 hits, 0 errors, 1 left on base; Minnesota 2 - Cleveland 3 |
BOTTOM OF THE 5TH |
Cleveland Guardians batting - Pitching for Minnesota Twins : LHP Luis Perez
|
Batting: RHB Nick Sharp
|
0-0: Ball 1-0: Ball 2-0: Ball 3-0: Called Strike 3-1: Ground out 5-3 (Groundball, 5S, EV 70.0 MPH)
|
Batting: RHB Jasper Burd
|
0-0: Called Strike 0-1: Ball 1-1: Fly out, F3 (Line Drive, 34, EV 68.8 MPH)
|
Batting: RHB Nick Ogle
|
0-0: Ball 1-0: Called Strike 1-1: Ground out 6-3 (Groundball, 6, EV 100.0 MPH)
|
Bottom of the 5th over - 0 runs, 0 hits, 0 errors, 0 left on base; Minnesota 2 - Cleveland 3 |
TOP OF THE 6TH |
Minnesota Twins batting - Pitching for Cleveland Guardians : RHP Adrian Serratos
|
Batting: LHB Ryan Flynn Jr.
|
0-0: Ball 1-0: Ball 2-0: Called Strike 2-1: Foul Ball, location: 2F 2-2: Strikes out swinging
|
Batting: RHB Miguel Diaz
|
0-0: Ball 1-0: SOLO HOME RUN (Line Drive, 7D, EV 98.8 MPH), Distance : 393 ft
|
Batting: LHB Harris Vink
|
0-0: Ball 1-0: Swinging Strike 1-1: Ball 2-1: Ball 3-1: Foul Ball, location: 2F 3-2: Reached on error, E4 (Groundball, 4, EV 103.8 MPH)
|
Pitching: RHP Bruce Poff
|
|
Batting: RHB John Creel
|
0-0: Foul Ball, location: 2F 0-1: Ball 1-1: Swinging Strike 1-2: Ball 2-2: Foul Ball, location: 2F 2-2: Strikes out looking
|
Batting: RHB Alex Sandoval
|
0-0: Called Strike 0-1: Ball 1-1: Ball 2-1: Fielders Choice at 2nd, 5-4 (Groundball, 5L, EV 88.1 MPH)
|
Top of the 6th over - 1 run, 1 hit, 1 error, 1 left on base; Minnesota 3 - Cleveland 3 |
BOTTOM OF THE 6TH |
Cleveland Guardians batting - Pitching for Minnesota Twins : LHP Luis Perez
|
Batting: RHB Aaron Matthews
|
0-0: Ground out 4-3 (Groundball, 4, EV 82.5 MPH)
|
Batting: LHB Alejandro Soriano
|
0-0: Called Strike 0-1: Swinging Strike 0-2: Ground out 5-3 (Groundball, 15, EV 83.8 MPH)
|
Batting: LHB Corey Trevor
|
0-0: Ball 1-0: Ball 2-0: Ground out 6-3 (Groundball, 6, EV 102.5 MPH)
|
Bottom of the 6th over - 0 runs, 0 hits, 0 errors, 0 left on base; Minnesota 3 - Cleveland 3 |
TOP OF THE 7TH |
Minnesota Twins batting - Pitching for Cleveland Guardians : RHP Bruce Poff
|
Batting: LHB Peer Derks
|
0-0: Called Strike 0-1: Ball 1-1: Swinging Strike 1-2: Ball 2-2: Ball 3-2: Foul Ball, location: 2F 3-2: Base on Balls
|
Pinch Hitting: LHB Per Meulengracht
|
0-0: Bunted foul 0-1: Sac Bunt to 5S - play at first, batter OUT! 5-3 Peer Derks to second
|
Batting: RHB Greg Harman
|
0-0: Foul Ball, location: 2F 0-1: Fly out, F7 (Flyball, 78S, EV 95.6 MPH)
|
Batting: RHB Miguel Gonzalez
|
0-0: Ground out 5-3 (Groundball, 56, EV 86.2 MPH)
|
Top of the 7th over - 0 runs, 0 hits, 0 errors, 1 left on base; Minnesota 3 - Cleveland 3 |
BOTTOM OF THE 7TH |
Cleveland Guardians batting - Pitching for Minnesota Twins : LHP Luis Perez
|
Now at SS: Matt Dunn
|
|
Batting: LHB Hector Pedroso
|
0-0: Called Strike 0-1: Foul Ball, location: 2F 0-2: Ball 1-2: Ground out 4-3 (Groundball, 4, EV 102.5 MPH)
|
Batting: RHB Henri Cederberg
|
0-0: Called Strike 0-1: Called Strike 0-2: Ball 1-2: Single, Error in OF, E9, batter to second base (Line Drive, 3D, EV 96.9 MPH)
|
Pitching: RHP Tony Ramirez
|
|
Batting: LHB John Harring
|
0-0: Called Strike 0-1: Ball 1-1: Ball 2-1: SINGLE (Line Drive, 7S, EV 106.9 MPH) Henri Cederberg to third Runner from 3rd tries for Home, SAFE, throw by LF to home John Harring to second
|
Batting: RHB Nick Sharp
|
0-0: Called Strike 0-1: Called Strike 0-2: 2-RUN HOME RUN (Flyball, 8RXD, EV 111.9 MPH), Distance : 417 ft
|
Batting: RHB Jasper Burd
|
0-0: Foul Ball, location: 2F 0-1: Called Strike 0-2: Foul Ball, location: 2F 0-2: Strikes out swinging
|
Batting: RHB Nick Ogle
|
0-0: Ball 1-0: Foul Ball, location: 2F 1-1: Called Strike 1-2: Ball 2-2: Fly out, F8 (Flyball, 8LM, EV 89.4 MPH)
|
Bottom of the 7th over - 3 runs, 3 hits, 1 error, 0 left on base; Minnesota 3 - Cleveland 6 |
TOP OF THE 8TH |
Minnesota Twins batting - Pitching for Cleveland Guardians : RHP Bruce Poff
|
Batting: LHB Ryan Flynn Jr.
|
0-0: Called Strike 0-1: Ball 1-1: Ball 2-1: Hit by Pitch
|
Batting: RHB Miguel Diaz
|
0-0: Ball 1-0: Fly out, F7 (Flyball, 7, EV 91.2 MPH)
|
Batting: LHB Harris Vink
|
0-0: Ball 1-0: Called Strike 1-1: Foul Ball, location: 2F 1-2: Ground out U3 (Groundball, 3S, EV 67.5 MPH) Ryan Flynn Jr. to second
|
Batting: RHB John Creel
|
0-0: Ball 1-0: Ball 2-0: Foul Ball, location: 2F 2-1: Swinging Strike 2-2: SINGLE (Flyball, 89S, EV 85.6 MPH) Ryan Flynn Jr. to third Runner from 3rd tries for Home, throw by RF and OUT! 9-2
|
Top of the 8th over - 0 runs, 1 hit, 0 errors, 1 left on base; Minnesota 3 - Cleveland 6 |
BOTTOM OF THE 8TH |
Cleveland Guardians batting - Pitching for Minnesota Twins : RHP Tony Ramirez
|
Pitching: RHP Andrew Kindig
|
|
Batting: RHB Aaron Matthews
|
0-0: SINGLE (Groundball, 15S, EV 70.6 MPH) (infield hit)
|
Batting: LHB Alejandro Soriano
|
0-0: Sac Bunt to 5S - play at first, batter safe! Aaron Matthews to second
|
Batting: LHB Corey Trevor
|
0-0: Ball 1-0: Fielders Choice at 2nd, 6-4 (Groundball, 6, EV 83.8 MPH) Aaron Matthews to third
|
Batting: LHB Hector Pedroso
|
0-0: Called Strike 0-1: Fielders Choice at 2nd, 3-6 (Groundball, 3, EV 86.2 MPH) Aaron Matthews scores
|
Batting: RHB Henri Cederberg
|
0-0: Fly out, F9 (Flyball, 9LSF, EV 98.1 MPH)
|
Bottom of the 8th over - 1 run, 2 hits, 0 errors, 1 left on base; Minnesota 3 - Cleveland 7 |
TOP OF THE 9TH |
Minnesota Twins batting - Pitching for Cleveland Guardians : RHP Bruce Poff
|
Pitching: LHP Katsumi Omura
|
|
Batting: RHB Alex Sandoval
|
0-0: Ball 1-0: Ball 2-0: Foul Ball, location: 2F 2-1: Foul Ball, location: 2F 2-2: Foul Ball, location: 2F 2-2: Strikes out looking
|
Batting: LHB Peer Derks
|
0-0: Ball 1-0: Ground out 6-3 (Groundball, 4M, EV 86.2 MPH)
|
Batting: RHB Matt Dunn
|
0-0: Called Strike 0-1: Swinging Strike 0-2: Strikes out looking
|
Top of the 9th over - 0 runs, 0 hits, 0 errors, 0 left on base; Minnesota 3 - Cleveland 7 |
|